MID
FORT WAYNE TINCAPS @ BINGHAMTON METS
06/15/2047
 
TOP OF THE 1ST
Fort Wayne TinCaps batting - Pitching for Binghamton Mets : RHP Matt Bennett
Pitching: RHP Matt Bennett
Batting: RHB Dave McBain 0-0: SINGLE (Line Drive, 6D, EV 106.2 MPH)
Batting: RHB Tak-keung Chieu 0-0: Ball
1-0: Called Strike
Dave McBain steals 2nd base
1-1: Called Strike
1-2: Strikes out looking
Batting: LHB Carlos Cuellar 0-0: Ball
1-0: Called Strike
1-1: Ball
2-1: SINGLE (Line Drive, 4D, EV 99.4 MPH)
Dave McBain to third
Runner from 3rd tries for Home, throw by CF and OUT! 8-2
Batting: RHB Freddie Brown 0-0: Ball
1-0: Ball
2-0: Called Strike
2-1: Called Strike
2-2: Fielders Choice at 2nd, 6-4 (Groundball, 6, EV 91.9 MPH)
Top of the 1st over - 0 runs, 2 hits, 0 errors, 1 left on base; Fort Wayne 0 - Binghamton 0
BOTTOM OF THE 1ST
Binghamton Mets batting - Pitching for Fort Wayne TinCaps : RHP Jim Canady
Pitching: RHP Jim Canady
Batting: RHB Elias Urbina 0-0: Fly out, F7 (Flyball, 7, EV 98.1 MPH)
Batting: RHB Oscar Bravo 0-0: Called Strike
0-1: Ground out 1-3 (Groundball, 15S, EV 73.8 MPH)
Batting: LHB Tony Leyba 0-0: Foul Ball, location: 2F
0-1: Ball
1-1: Ball
2-1: Ground out 3-1 (Groundball, 13, EV 82.5 MPH)
Bottom of the 1st over - 0 runs, 0 hits, 0 errors, 0 left on base; Fort Wayne 0 - Binghamton 0
TOP OF THE 2ND
Fort Wayne TinCaps batting - Pitching for Binghamton Mets : RHP Matt Bennett
Batting: RHB Brian DeVoe 0-0: Ball
1-0: Ball
2-0: Called Strike
2-1: Foul Ball, location: 2F
2-2: Foul Ball, location: 2F
2-2: Strikes out looking
Batting: SHB Yutaro Takahashi 0-0: Called Strike
0-1: Foul Ball, location: 2F
0-2: Ball
1-2: Strikes out swinging
Batting: RHB Phil McFadden 0-0: Ground out 3-1 (Groundball, 34S, EV 87.5 MPH)
Top of the 2nd over - 0 runs, 0 hits, 0 errors, 0 left on base; Fort Wayne 0 - Binghamton 0
BOTTOM OF THE 2ND
Binghamton Mets batting - Pitching for Fort Wayne TinCaps : RHP Jim Canady
Batting: LHB Bayesa Mundhir 0-0: Ball
1-0: Swinging Strike
1-1: Ball
2-1: Foul Ball, location: 2F
2-2: Foul Ball, location: 2F
2-2: Foul Ball, location: 2F
2-2: Strikes out swinging
Batting: LHB Preston Knaak 0-0: Ball
1-0: Swinging Strike
1-1: Ball
2-1: Ball
3-1: Base on Balls
Batting: RHB Rich Cracchiolo 0-0: Foul Ball, location: 2F
0-1: Swinging Strike
0-2: Ball
1-2: Foul Ball, location: 2F
1-2: Ball
2-2: Ball
3-2: Strikes out swinging
Batting: RHB Jordan Williams 0-0: Ball
1-0: Foul Ball, location: 2F
1-1: Fielders Choice at 2nd, 4-6 (Groundball, 4MD, EV 82.5 MPH)
Bottom of the 2nd over - 0 runs, 0 hits, 0 errors, 1 left on base; Fort Wayne 0 - Binghamton 0
TOP OF THE 3RD
Fort Wayne TinCaps batting - Pitching for Binghamton Mets : RHP Matt Bennett
Batting: RHB Kyle Ashton 0-0: SINGLE (Line Drive, 7S, EV 103.8 MPH)
Batting: RHB Ed Oake 0-0: Ball
Kyle Ashton steals 2nd base
1-0: Ground out 5-3 (Groundball, 5L, EV 90.0 MPH)
Batting: RHB Dave McBain 0-0: Ball
1-0: Ball
2-0: Foul Ball, location: 2F
2-1: Called Strike
2-2: Foul Ball, location: 2F
2-2: Ball
3-2: Strikes out swinging
Batting: RHB Tak-keung Chieu 0-0: Ball
1-0: Ball
2-0: Foul Ball, location: 2F
2-1: Called Strike
2-2: Strikes out swinging
Top of the 3rd over - 0 runs, 1 hit, 0 errors, 1 left on base; Fort Wayne 0 - Binghamton 0
BOTTOM OF THE 3RD
Binghamton Mets batting - Pitching for Fort Wayne TinCaps : RHP Jim Canady
Batting: RHB Trent Hood 0-0: Called Strike
0-1: Ball
1-1: Ball
2-1: Swinging Strike
2-2: Foul Ball, location: 2F
2-2: Ground out 6-3 (Groundball, 56D, EV 90.6 MPH)
Batting: RHB Victor Reyes 0-0: Ground out 4-3 (Groundball, 4, EV 92.5 MPH)
Batting: RHB Elias Urbina 0-0: Ball
1-0: Ball
2-0: Foul Ball, location: 2F
2-1: Ball
3-1: Base on Balls
Batting: RHB Oscar Bravo 0-0: Called Strike
Elias Urbina is caught stealing 2nd base 2-4
Bottom of the 3rd over - 0 runs, 0 hits, 0 errors, 0 left on base; Fort Wayne 0 - Binghamton 0
TOP OF THE 4TH
Fort Wayne TinCaps batting - Pitching for Binghamton Mets : RHP Matt Bennett
Batting: LHB Carlos Cuellar 0-0: Fly out, F7 (Line Drive, 7S, EV 101.9 MPH)
Batting: RHB Freddie Brown 0-0: Called Strike
0-1: Ground out U3 (Groundball, 34, EV 96.2 MPH)
Batting: RHB Brian DeVoe 0-0: SINGLE (Flyball, 8RS, EV 95.6 MPH)
Batting: SHB Yutaro Takahashi 0-0: SINGLE (Line Drive, 3D, EV 109.4 MPH)
Brian DeVoe to second
Batting: RHB Phil McFadden 0-0: Ball
1-0: Called Strike
1-1: Swinging Strike
1-2: Foul Ball, location: 2F
1-2: Ball
2-2: Strikes out swinging
Top of the 4th over - 0 runs, 2 hits, 0 errors, 2 left on base; Fort Wayne 0 - Binghamton 0
BOTTOM OF THE 4TH
Binghamton Mets batting - Pitching for Fort Wayne TinCaps : RHP Jim Canady
Batting: RHB Oscar Bravo 0-0: Ball
1-0: Foul Ball, location: 2F
1-1: Ground out 4-3 (Groundball, 4, EV 91.2 MPH)
Batting: LHB Tony Leyba 0-0: Ball
1-0: Called Strike
1-1: Called Strike
1-2: Foul Ball, location: 2F
1-2: Ball
2-2: Strikes out swinging
Batting: LHB Bayesa Mundhir 0-0: Foul Ball, location: 2F
0-1: DOUBLE (Line Drive, 7LM, EV 101.2 MPH)
Batting: LHB Preston Knaak 0-0: Ball
Wild Pitch!
Bayesa Mundhir to third
1-0: Ball
2-0: Ball
3-0: Called Strike
3-1: Base on Balls
Batting: RHB Rich Cracchiolo 0-0: Foul Ball, location: 2F
0-1: Ball
1-1: DOUBLE (Line Drive, 89M, EV 99.4 MPH)
Bayesa Mundhir scores
Preston Knaak to third
Batting: RHB Jordan Williams 0-0: Ball
1-0: Foul Ball, location: 2F
1-1: Ground out 6-3 (Groundball, 6MD, EV 102.5 MPH)
Bottom of the 4th over - 1 run, 2 hits, 0 errors, 2 left on base; Fort Wayne 0 - Binghamton 1
TOP OF THE 5TH
Fort Wayne TinCaps batting - Pitching for Binghamton Mets : RHP Matt Bennett
Batting: RHB Kyle Ashton 0-0: Ball
1-0: Ball
2-0: Called Strike
2-1: Ball
3-1: Base on Balls
Batting: RHB Ed Oake 0-0: Ball
1-0: Ball
2-0: Swinging Strike
2-1: Ball
3-1: Grounds into double play, 4-6-3 (Groundball, 4, EV 88.8 MPH)
Batting: RHB Dave McBain 0-0: Ball
1-0: Called Strike
1-1: Foul Ball, location: 2F
1-2: Fly out, F9 (Flyball, 89M, EV 80.0 MPH)
Top of the 5th over - 0 runs, 0 hits, 0 errors, 0 left on base; Fort Wayne 0 - Binghamton 1
BOTTOM OF THE 5TH
Binghamton Mets batting - Pitching for Fort Wayne TinCaps : RHP Jim Canady
Batting: RHB Trent Hood 0-0: Foul Ball, location: 2F
0-1: Ball
1-1: SINGLE (Groundball, 34S, EV 70.0 MPH) (infield hit)
Batting: RHB Victor Reyes 0-0: Ball
1-0: Ball
Wild Pitch!
Trent Hood to second
2-0: Foul Ball, location: 2F
2-1: Called Strike
2-2: Ground out 6-3 (Groundball, 6, EV 84.4 MPH)
Trent Hood to third
Batting: RHB Elias Urbina 0-0: Foul Ball, location: 2F
0-1: Ball
Wild Pitch!
Trent Hood scores
1-1: Ground out 4-3 (Groundball, 4, EV 79.4 MPH)
Batting: RHB Oscar Bravo 0-0: SINGLE (Groundball, 6MD, EV 101.9 MPH) (infield hit)
Batting: LHB Tony Leyba 0-0: Called Strike
Oscar Bravo is caught stealing 2nd base 2-6
Bottom of the 5th over - 1 run, 2 hits, 0 errors, 0 left on base; Fort Wayne 0 - Binghamton 2
TOP OF THE 6TH
Fort Wayne TinCaps batting - Pitching for Binghamton Mets : RHP Matt Bennett
Batting: RHB Tak-keung Chieu 0-0: Called Strike
0-1: Foul Ball, location: 2F
0-2: Ground out 6-3 (Groundball, 6, EV 81.9 MPH)
Batting: LHB Carlos Cuellar 0-0: Called Strike
0-1: Ground out 1-3 (Groundball, 13S, EV 68.8 MPH)
Batting: RHB Freddie Brown 0-0: Ground out 1-3 (Groundball, P, EV 67.5 MPH)
Top of the 6th over - 0 runs, 0 hits, 0 errors, 0 left on base; Fort Wayne 0 - Binghamton 2
BOTTOM OF THE 6TH
Binghamton Mets batting - Pitching for Fort Wayne TinCaps : RHP Jim Canady
Batting: LHB Tony Leyba 0-0: Ground out 5-3 (Groundball, 56, EV 83.8 MPH)
Batting: LHB Bayesa Mundhir 0-0: Called Strike
0-1: Ball
1-1: Called Strike
1-2: SINGLE (Flyball, 3D, EV 98.8 MPH)
Batting: LHB Preston Knaak 0-0: Called Strike
0-1: Ball
1-1: Swinging Strike
1-2: Strikes out swinging
Batting: RHB Rich Cracchiolo 0-0: Called Strike
0-1: Foul Ball, location: 2F
0-2: Ball
1-2: Fielders Choice at 2nd, 6-4 (Groundball, 6, EV 105.6 MPH)
Bottom of the 6th over - 0 runs, 1 hit, 0 errors, 1 left on base; Fort Wayne 0 - Binghamton 2
TOP OF THE 7TH
Fort Wayne TinCaps batting - Pitching for Binghamton Mets : RHP Matt Bennett
Batting: RHB Brian DeVoe 0-0: Ground out 4-3 (Groundball, 4, EV 81.9 MPH)
Batting: SHB Yutaro Takahashi 0-0: SINGLE (Line Drive, 7S, EV 90.0 MPH)
Batting: RHB Phil McFadden 0-0: Ball
Yutaro Takahashi is caught stealing 2nd base 2-4
1-0: Foul Ball, location: 2F
1-1: Swinging Strike
1-2: Ball
2-2: Strikes out looking
Top of the 7th over - 0 runs, 1 hit, 0 errors, 0 left on base; Fort Wayne 0 - Binghamton 2
BOTTOM OF THE 7TH
Binghamton Mets batting - Pitching for Fort Wayne TinCaps : RHP Jim Canady
Batting: RHB Jordan Williams 0-0: Called Strike
0-1: Swinging Strike
0-2: Ball
1-2: Fly out, F8 (Flyball, 8LD, EV 103.1 MPH)
Batting: RHB Trent Hood 0-0: Foul Ball, location: 2F
0-1: Called Strike
0-2: Ball
1-2: Foul Ball, location: 2F
1-2: SINGLE (Line Drive, 89S, EV 106.2 MPH)
Batting: RHB Victor Reyes 0-0: Ball
1-0: Grounds into double play, U6-3 (Groundball, 4M, EV 90.0 MPH)
Bottom of the 7th over - 0 runs, 1 hit, 0 errors, 0 left on base; Fort Wayne 0 - Binghamton 2
TOP OF THE 8TH
Fort Wayne TinCaps batting - Pitching for Binghamton Mets : RHP Matt Bennett
Batting: RHB Kyle Ashton 0-0: SINGLE (Groundball, 5S, EV 65.0 MPH) (infield hit)
Pinch Hitting: LHB Justin Alworth 0-0: Called Strike
0-1: Grounds into double play, 5-4-3 (Groundball, 56S, EV 85.6 MPH)
Batting: RHB Dave McBain 0-0: Foul Ball, location: 2F
0-1: Foul Ball, location: 2F
0-2: Strikes out swinging
Top of the 8th over - 0 runs, 1 hit, 0 errors, 0 left on base; Fort Wayne 0 - Binghamton 2
BOTTOM OF THE 8TH
Binghamton Mets batting - Pitching for Fort Wayne TinCaps : RHP Jim Canady
Now at 3B: Hector Fernandez
Batting: RHB Elias Urbina 0-0: Called Strike
0-1: Ball
1-1: Ball
2-1: Called Strike
2-2: Ball
3-2: Foul Ball, location: 2F
3-2: Foul Ball, location: 2F
3-2: Ground out 3-1 (Groundball, 34S, EV 72.5 MPH)
Batting: RHB Oscar Bravo 0-0: Fly out, F8 (Line Drive, 8RD, EV 95.6 MPH)
Batting: LHB Tony Leyba 0-0: Ball
1-0: Ball
2-0: Ball
3-0: Base on Balls
Pitching: LHP Darby Jones
Batting: LHB Bayesa Mundhir 0-0: Called Strike
0-1: Ground out 4-3 (Groundball, 34, EV 85.0 MPH)
Bottom of the 8th over - 0 runs, 0 hits, 0 errors, 1 left on base; Fort Wayne 0 - Binghamton 2
TOP OF THE 9TH
Fort Wayne TinCaps batting - Pitching for Binghamton Mets : RHP Matt Bennett
Pitching: RHP Jose Lara
Now at 1B: Sean Lee
Batting: RHB Tak-keung Chieu 0-0: Ball
1-0: Foul Ball, location: 2F
1-1: Ball
2-1: Foul Ball, location: 2F
2-2: Strikes out swinging, 2-3 out at first.
Batting: LHB Carlos Cuellar 0-0: Called Strike
0-1: Ground out 5-3 (Groundball, 56S, EV 82.5 MPH)
Batting: RHB Freddie Brown 0-0: Ball
1-0: DOUBLE (Line Drive, 7LM, EV 107.5 MPH)
Batting: RHB Brian DeVoe 0-0: Ball
1-0: Called Strike
1-1: Foul Ball, location: 2F
1-2: Strikes out looking
Top of the 9th over - 0 runs, 1 hit, 0 errors, 1 left on base; Fort Wayne 0 - Binghamton 2
Thursday, December 15th , 2022 - OOTP Baseball 23.9 Build 102